omghax, neutral male scurrid Tourist }}}}}}}}}}}}}}}}}}}}}}}}}}}}}}}}}}}}}}}}}}}}}}}}}}}}}}}}}}}}}}}}}} -}}}}}}}}}}}}}}}}}}}}}}}}}}}}}}}}}}}}}}}}}}}}}}}}}}}}}}}}}}}}}}}} -}}}}}}}}}}}}...a..}}}}}}}}}}}}}}}}}}..../.}}}}}}}}}}}}..}}}}}}} -}}}}}}}}....a.....}}}}}}}}}}}}}}.......S..}}}}}}}}}..to}}}}}} |}}}}}}.........W....}}}}}}}}......O.O..>..}}}}}}}}.ooo}}}}}} |}}}}}.........[..................O.........}}}}}}}}}.o}}}}}} |}}}}.........W................<....O......}}}}}}}}}}}}}}}}} |}}}.!............................u....?)...}}}}}}}}}}}}}}}} |}}}.......................%......?.......&.}}}}}}}}}}}}}}}} |}}}.....................S............x.....}}}}}}}}}}}}}}}} |}}}....................!..e..........F.....}}}}}}}}}}}}}.}} +}}}..................jQ.........e..........}}}}}}}}}}}}}..} |}}}..................Q..............@......}}}}}}}}}}}}}}}} |}}}}............Y....Q.............a......})}}}}}}}}}}}}}}} |}}}}.............)........................}}}}}}}}}}}}}}}}} |}}}}}..............}}}}}}}}......M.......}}}}}..}}}}}}}}}}} |}}}}}}..........}}}}}}}}}}}}}}..........}}E}}}....}}}}}}}}} |}}}}}}}}.u....}}}}}}}}}}}}}}}}}}......}}}}}}}}}..E..[}}}}}} omghax the Rambler Experience level: 1 Strength: 9 Dexterity: 16 Constitution: 13 Intelligence: 12 Wisdom: 9 Charisma: 16 Health: 0(9) Energy: 2(2) Def: 0 Gold: 529 Moves: 36 Dungeon seed: gM4y6zcpnBAVRtdM Game ID: omghax_1498613727 Your Inventory: Coins $ - 529 gold pieces Weapons a - 40 uncursed +2 darts (in quiver) Armor e - an uncursed +0 Hawaiian shirt (being worn) Comestibles b - 4 uncursed food rations c - an uncursed cram ration d - 2 uncursed tins of goblin meat f - 2 uncursed tins of kobold meat g - an uncursed pear Scrolls j - 4 uncursed scrolls of magic mapping Potions h - a blessed potion of extra healing i - an uncursed potion of extra healing Wands m - an uncursed wand of secret door detection (0:12) Tools k - an uncursed expensive camera (0:68) l - an uncursed credit card n - an uncursed tin opener Spells and supernatural/magical abilities: Name Level Category Fail Memory W - pray for help -- divine ? -- Your skills at the end: Miscellaneous Skills wands [Basic] Weapon Skills dart [Basic] Spellcasting Skills Final Attributes: You were devoutly aligned. You had infravision. You were very stealthy. You are dead. Voluntary challenges: You went without food. You did not adorn yourself with jewelry or accessories. You did not cause conflict. You were not invisible. You did not have reflection. You were not displaced. You were an atheist. You never hit with a wielded weapon. You were a pacifist. You did not use tools. You did not use plumbed fixtures. You did not drink any magical draughts. You were illiterate. You never genocided any monsters. You never polymorphed an object. You never changed form. You used no wishes. You never split a pudding. You never wrote Elbereth's name. You never violated your personal moral code. Dungeon overview: The Dungeons of Doom: levels 1 to 15 Level 1 a fountain a long staircase Level 2 Level 3 Level 4 a fountain Level 5 Level 6 Level 7 Level 8 Level 9 Level 10 Level 11 Level 12 Level 13 Level 14 Level 15 <- You were here History has recorded: On T:1 you entered the Dungeons of Doom to retrieve the Amulet of Yendor! On T:5 you reached level 2 of The Dungeons of Doom. On T:7 you reached level 3 of The Dungeons of Doom. On T:10 you reached level 4 of The Dungeons of Doom. On T:12 you reached level 5 of The Dungeons of Doom. On T:14 you reached level 6 of The Dungeons of Doom. On T:16 you reached level 7 of The Dungeons of Doom. On T:19 you reached level 8 of The Dungeons of Doom. On T:21 you reached level 9 of The Dungeons of Doom. On T:23 you reached level 10 of The Dungeons of Doom. On T:27 you reached level 11 of The Dungeons of Doom. On T:29 you reached level 12 of The Dungeons of Doom. On T:31 you reached level 13 of The Dungeons of Doom. On T:34 you reached level 14 of The Dungeons of Doom. On T:36 you reached level 15 of The Dungeons of Doom. Score breakdown: Gold: 0 ( 0 points) Experience: 1 level ( 0 points) Exploration: 15 levels ( 420 points) Discoveries: 0 items ( 0 points) Variety of kills: 0 monsters ( 0 points) Major goal: (nothing yet) ( 0 points) Survival: died (score multiplied by 3) Total score: 1260 Latest messages: You dig a pit in the floor. You continue digging downward. You dig a hole through the floor. You fall through... You start digging downward. You continue digging downward. You dig a pit in the floor. You continue digging downward. You dig a hole through the floor. You fall through... You receive a faint telepathic message from Twoflower: Your help is urgently needed at Ankh-Morpork! Look for a ...ic transporter. You couldn't quite make out that last message. You start digging downward. You continue digging downward. You dig a pit in the floor. You continue digging downward. You dig a hole through the floor. You fall through... The fire ant bites! (2x) You're on fire! You die... Final status: Aloha omghax the Tourist, killed by a fire ant... You died in The Dungeons of Doom on dungeon level 15 with 1260 points, and 529 pieces of gold, after 36 moves. You were level 1 with a maximum of 9 hit points when you died.